[Event "Championnat du monde jeunes U10"]
[Date "2024.11.19"]
[White "Friscic, Jakov"]
[Black "Garcia Tanjala, Marko"]
[WhiteElo "1685"]
[BlackElo "1833"]
[Round "5.5"]
[Result "0-1"]
[TimeControl "5400+30"]

1. d4 Nf6 2. c4 e6 3. Nc3 Bb4 4. Qc2 O-O 5. e4 c5 6. d5 exd5 7. exd5 Re8+ 8. Be2 d6 9. h3 Ne4 10. a3 Bxc3+ 11. bxc3 Qf6 12. Be3 Nxc3 13. Rc1 Nxe2 14. Nxe2 Bf5 15. Qb3 b6 16. O-O Nd7 17. Ng3 Ne5 18. Rfd1 Qg6 19. Rc3 Rad8 20. a4 Bc8 21. a5 Ba6 22. Ra1 Bxc4 23. Rxc4 Nxc4 24. Qxc4 Rxe3 25.
fxe3 Qxg3 26. axb6 Qxe3+ 27. Kh1 axb6 28. Qa6 Qd4 29. Qa8 Rf8 30. Ra6 c4 31. Qc6 c3 32. Ra8 g6 33. Rxf8+ Kxf8 34. Qxd6+ Kg7 35. Qc7 Qc5 36. Qe5+ f6 37. Qe1 c2 38. Qc1 Qc3 39. d6 Qd3 40. d7 Qd1+ 41. Kh2 Qxc1 42. d8=Q Qf4+ 43. g3 Qf2+ 44. Kh1 c1=Q+ 45. Qd1 Qxd1# 0-1

[Variant "Standard"]
[Site "Europe Echecs"]

[Event "Championnat du monde jeunes U10"]
[Date "2024.11.19"]
[White "Mariani, Kim Paul"]
[Black "Della Penna, Leonardo"]
[WhiteElo "1814"]
[BlackElo "1675"]
[Round "5.6"]
[Result "1-0"]
[TimeControl "5400+30"]

1. e4 c5 2. Nf3 d6 3. Bb5+ Bd7 4. Bxd7+ Qxd7 5. c4 Nf6 6. Nc3 g6 7. O-O Nc6 8. d4 cxd4 9. Nxd4 Bg7 10. Nde2 O-O 11. f3 Rac8 12. Be3 Rfd8 13. Nd4 Ne5 14. b3 Ne8 15. Qe2 Nc6 16. Rfd1 Nc7 17. Rac1 b6 18. Qf2 Nxd4 19. Bxd4 Bh6 20. f4 Ne6 21. Be3 Bg7 22. Qh4 Bf6 23. Qg3 Ng7 24. Nd5 Bb2 25. Rc2 Nh5 26. Qh4 Bf6 27. Nxf6+ Nxf6 28. Rd4 Qg4 29. Qf2 Nxe4 30. Qf1 Nf6 31. h3 Qd7 32. Rf2 Nh5 33. g4 Ng7 34. f5 Rf8 35. Bh6 Qc7 36. Rd5 Qd7 37. f6 exf6 38. Rxf6 Rc6 39. Qa1 Qc7 40. Kf1 a6 41. Rfxd6 f5 42. Rd7 fxg4+ 43. Kg2 gxh3+ 44. Kh1 1-0

[Variant "Standard"]
[Site "Europe Echecs"]

[Event "Championnat du monde jeunes U10"]
[Date "2024.11.19"]
[White "Akramov, Khusan"]
[Black "Gomez Silva, Maximiliano"]
[WhiteElo "1782"]
[BlackElo "1643"]
[Round "5.7"]
[Result "1/2-1/2"]
[TimeControl "5400+30"]

1. e4 c6 2. Nf3 d5 3. Nc3 dxe4 4. Nxe4 Nd7 5. Qe2 e6 6. d4 Ngf6 7. Bf4 Nb6 8. O-O-O Be7 9. Ne5 Nbd5 10. Bd2 O-O 11. Qf3 a5 12. Bd3 Nb4 13. Nxf6+ Bxf6 14. Qe4 Nxd3+ 15. Qxd3 Qd5 16. c4 Qd6 17. Bf4 a4 18. Qd2 Qe7 19. c5 Rd8 20. Qe3 Rd5 21. Nc4 Ra6 22. Nb6 Bxd4 23. Rxd4 Qxc5+ 24. Rc4 Qxb6 25.
Qxb6 Rxb6 26. Rxa4 Ra6 27. Rxa6 bxa6 28. Rd1 Kf8 29. Rxd5 cxd5 30. Kd2 Ke7 31. Kd3 f6 32. Bd2 e5 33. f4 e4+ 34. Kd4 1/2-1/2

[Variant "Standard"]
[Site "Europe Echecs"]

[Event "Championnat du monde jeunes U10"]
[Date "2024.11.19"]
[White "Hochman, Gur"]
[Black "Zilincan, Tomas"]
[WhiteElo "1626"]
[BlackElo "1778"]
[Round "5.8"]
[Result "1-0"]
[TimeControl "5400+30"]

1. e4 e6 2. d3 c5 3. Nd2 Nc6 4. Ngf3 g6 5. g3 Bg7 6. Bg2 Nge7 7. O-O d5 8. c3 O-O 9. Qe2 b6 10. Rd1 Re8 11. Nf1 Bb7 12. e5 Qc7 13. d4 Rac8 14. Bg5 h6 15. Bf6 Nf5 16. g4 Nfe7 17. Qd2 cxd4 18. cxd4 Na5 19. b3 Qd7 20. Qf4 Rc7 21. Rd3 Ba6 22. Bxg7 Kxg7 23. Qf6+ Kg8 24. Ng5 hxg5 25. Rf3 Nec6 26. Rh3 1-0

[Variant "Standard"]
[Site "Europe Echecs"]

[Event "Championnat du monde jeunes U10"]
[Date "2024.11.19"]
[White "Ismailov, Omarbek"]
[Black "Santoro, Marco Antonio"]
[WhiteElo "1625"]
[BlackElo "1765"]
[Round "5.9"]
[Result "1-0"]
[TimeControl "5400+30"]

1. d4 d5 2. Bf4 Nf6 3.
e3 c5 4. c3 Nc6 5. Nd2 e6 6. Ngf3 a6 7. a4 Be7 8. Bd3 O-O 9. O-O Re8 10. dxc5 Bxc5 11. b4 Bd6 12. Bxd6 Qxd6 13. e4 Ne5 14. Nxe5 Qxe5 15. Qc2 Qc7 16. Rfe1 h6 17. e5 Nd7 18. f4 b6 19. Nf3 Bb7 20. Nd4 Rac8 21. Rac1 a5 22. Nb5 Qc6 23. Na7 Qc7 24. Nxc8 Rxc8 25. Qb2 Ba8 26. c4 Qb7 27. bxa5 Rb8 28. cxd5 Qxd5 29. Be4 Qxa5 30. Bxa8 Qxa8 31. Ra1 Qa7 32. Kh1 Nc5 33. Qb5 Rd8 34. a5 Rd2 35. axb6 Qb7 36. Re2 Rxe2 37. Qxe2 Qxb6 38. Qc2 g6 39. Rb1 Qa7 40. h3 Kg7 41. Qf2 Qa5 42. Qd4 Qa2 43. Rb8 Qd5 44. Qxd5 exd5 45. Rb5 Ne6 46. g3 d4 47. Rd5 h5 48. h4 Kf8 49. Kg2 Ke7 50. Kf3 Ng7 51. Rxd4 Nf5 52. Ra4 Ke6 53. Ra6+ Ke7 54. g4 hxg4+ 55. Kxg4 Ne3+ 56. Kg5 Ng2 57.
Ra3 Ke6 58. Ra6+ Ke7 59. Ra2 Ne3 60. h5 gxh5 61. Kxh5 Nd5 62. f5 Ne3 63. Ra7+ Ke8 64. Kg5 Nd5 65. f6 Nb4 66. Kh6 Nc6 67. Rc7 Nd4 68. Kh7 Ne6 69. Re7+ Kf8 70. Ra7 Ke8 71. Kg8 Ng5 72. Re7+ Kd8 73. Rxf7 Ne6 74. Re7 Ng5 75. e6 Ne4 76. Rd7+ Kc8 77. f7 Nf6+ 78. Kg7 Nxd7 79. exd7+ Kxd7 80. f8=Q Ke6 81.
Qf4 Kd5 82. Kf6 Kc5 83. Qe4 Kb5 84. Qd4 Kc6 85. Ke6 Kb5 86. Kd6 Ka5 87. Kc6 Ka6 88. Qa4# 1-0

[Variant "Standard"]
[Site "Europe Echecs"]

[Event "Championnat du monde jeunes U10"]
[Date "2024.11.19"]
[White "Yevsieiev, Yaroslav"]
[Black "Yrysov, Timur"]
[WhiteElo "1706"]
[BlackElo "1604"]
[Round "5.10"]
[Result "1-0"]
[TimeControl "5400+30"]

1. e4 c5 2. Nf3 d6 3. d4 cxd4 4. Nxd4 Nf6 5. Nc3 e5 6. Nb3 Be6 7. f3 Be7 8. Be3 Nc6 9. Qd2 a6 10. Be2 b5 11. Nd5 Bxd5 12. exd5 Na7 13. Na5 Qc7 14. Bxa7 Rxa7 15. Nc6 Ra8 16. a4 O-O 17. axb5 axb5 18. O-O Nh5 19. Bxb5 Bh4 20. Kh1 f5 21. Qb4 f4 22. Ra3 Rxa3 23. Qxa3 Qb6 24. Bc4 Rf6 25. Nxe5 Qd8 26. Ng4 Rg6 27. Ra1 Nf6 28. Qa8 Qxa8 29. Rxa8+ Kf7 30. Ne5+ dxe5 31. d6+ Nd5 32. Bxd5+ Kf6 33. d7 Kf5 34. Rf8+ Kg5 35. d8=Q+ Kh5 36. Rf5+ Rg5 37. Rxg5+ Bxg5 38. Qe8+ g6 39. Qg8 h6 40. Be4 Kh4 41. Qxg6 h5 42. Bf5 e4 43. fxe4 f3 44. g3# 1-0

[Variant "Standard"]
[Site "Europe Echecs"]

[Event "Championnat du monde jeunes U10"]
[Date "2024.11.19"]
[White "Chen, Pin-Jui"]
[Black "von Flottwell, Lionel"]
[WhiteElo "1505"]
[BlackElo "1704"]
[Round "5.11"]
[Result "1-0"]
[TimeControl "5400+30"]

1. e4 e5 2. Nf3 Nc6 3. Bb5 a6 4. Ba4 Nf6 5. Qe2 b5 6. Bb3 Bc5 7. c3 O-O 8. d3 d6 9. O-O Bg4 10. h3 Bh5 11. Rd1 b4 12. Be3 bxc3 13. bxc3 Bxe3 14. fxe3 d5 15. exd5 Nxd5 16. Kh1 f5 17. e4 Ne7 18. exd5 Qd6 19. Re1 Ng6 20. Nbd2 Nf4 21. Qxe5 Nxd3 22. Qxd6 cxd6 23. Re3 Nc5 24.
Bc2 h6 25. Nd4 f4 26. Re7 Rae8 27. Rae1 Rxe7 28. Rxe7 Rc8 29. Ne6 Nxe6 30. Rxe6 Rxc3 31. Bg6 Bxg6 32. Rxg6 Rc2 33. Ne4 Rxa2 34. Rxd6 h5 35. Nc5 a5 36. Ra6 Rd2 37. d6 g5 38. d7 Kf7 39. Rxa5 g4 40. Kg1 g3 41. Kf1 Ke7 42. Ra8 f3 43. Re8+ Kf7 44. d8=Q Rxd8 45. Rxd8 f2 46. Ne4 h4 47. Nxf2 gxf2 48. Kxf2 Kg6 49. g4 Kg5 50. Kf3 Kg6 51. Rd7 Kg5 52. Ke4 Kg6 53. Kf4 Kh6 54. Rd6+ Kg7 55. Kf5 Kh7 56. Rd7+ Kh6 57. g5+ Kh5 58. Rh7# 1-0

[Variant "Standard"]
[Site "Europe Echecs"]

[Event "Championnat du monde jeunes U10"]
[Date "2024.11.19"]
[White "DAmato, Raffaele"]
[Black "Veber, Tibor"]
[WhiteElo "1695"]
[BlackElo "1532"]
[Round "5.12"]
[Result "1-0"]
[TimeControl "5400+30"]

1. d4 d5 2. Nf3 Nf6 3. e3 e6 4. Bd3 Be7 5. O-O O-O 6. b3 c5 7. Bb2 Nc6 8. a3 b6 9. Nbd2 Bb7 10. Ne5 Qc7 11. f4 a6 12. Rf3 b5 13. dxc5 Bxc5 14. Nxc6 Qxc6 15. Bxf6 gxf6 16. Rg3+ Kh8 17. Qh5 f5
18. Rh3 Bxe3+ 19. Kh1 Kg7 20. Qh6+ 1-0

[Variant "Standard"]
[Site "Europe Echecs"]

[Event "Championnat du monde jeunes U10"]
[Date "2024.11.19"]
[White "Lenkov, Stanislav"]
[Black "Wang, Yuwei"]
[WhiteElo "1693"]
[BlackElo "1576"]
[Round "5.13"]
[Result "1-0"]
[TimeControl "5400+30"]

1. e4 c5 2. Nf3 d6 3. d4 cxd4 4. Nxd4 Nf6 5. Nc3 a6 6. Nb3 e6 7. g4 h6 8. Bg2 Nc6 9. Be3 Bd7 10. h3 Ne5 11. Qe2 Qc7 12. Nd2 Rc8 13. f4 Nc4 14. Nxc4 Qxc4 15. Qxc4 Rxc4 16. e5 dxe5 17. fxe5 Nd5 18. Bxd5 exd5 19. O-O-O Ba4 20. Nxa4 Rxa4 21. Rxd5 Rxa2 22. Kb1 Ra4 23. Rhd1 Be7 24. Rd7 Bh4 25. Bc5 b6 26. Rc7 bxc5 27. Rc8+ Ke7 28. Rxh8 Re4 29. Ra8 Rxe5 30. Rxa6 Bf2 31. Rf1 Re2 32. Ra3 f6 33. Ra7+ Kf8 34. Rd1 Re8 35. Rdd7 g5 36. Rf7+ Kg8 37. Rxf6 Bd4 38. Rxh6 c4 39. Rg6+ Kf8 40. Rc7 c3 41. bxc3 Rb8+ 42. Ka2 Ra8+ 43. Kb3 Rb8+ 44. Kc4 Be5 45. Rcc6 Bg7 46. Rxg5 Ra8 47. Rc7 Bh6 48. Rf5+ Kg8 49. g5 Bf8 50. h4 Ra4+ 51. Kb5 Ra8 52. h5 Rb8+ 53. Kc6 Ra8 54. Kb7 Re8 55. Rxf8+ Rxf8 56. Rc8 Rxc8 57.
Kxc8 Kg7 58. Kd7 Kf7 59. c4 Kg7 60. c5 Kh7 61. c6 Kg8 62. c7 Kg7 63. c8=Q Kh7 64. Qe8 Kg7 65. Qe7+ Kg8 66. h6 Kh8 67. Qg7# 1-0

[Variant "Standard"]
[Site "Europe Echecs"]

[Event "Championnat du monde jeunes U10"]
[Date "2024.11.19"]
[White "Loberti, Tommaso"]
[Black "Sahin, Yusuf Kerem"]
[WhiteElo "1474"]
[BlackElo "1720"]
[Round "5.14"]
[Result "0-1"]
[TimeControl "5400+30"]

1. e4 c5 2. Nf3 d6 3. d4 cxd4 4. Nxd4 Nf6 5. Nc3 g6 6. Be3 Bg7 7. Bc4 O-O 8. f3 Nc6 9. Qd2 Nxd4 10. Bxd4 Be6 11. Bxe6 fxe6 12. O-O-O Qa5 13. h4 b5 14. Kb1 b4 15. Ne2 Qb5 16. Qd3 Qb7 17. g4 a5 18. Qb3 d5 19. Bxf6 a4 20. Qd3 Rxf6 21. exd5 Rd8 22. Qe3 Rxd5 23. Rxd5 Qxd5 24. Nf4 Qc4 25. Nd3 b3 26. cxb3 axb3 27. Rc1 bxa2+ 28. Ka1 Qb3 29.
Rc3 Qd5 30. Nb4 Qd1+ 31. Qc1 Qxc1+ 32.
Rxc1 Rxf3 33. Nxa2 Rf4 34. Rg1 Bd4 35. Rh1 Rxg4 36. Nc3 h5 37. Ne2 Bf6 0-1

[Variant "Standard"]
[Site "Europe Echecs"]

[Event "Championnat du monde jeunes U10"]
[Date "2024.11.19"]
[White "Prokhorov, Makar"]
[Black "Vukashinovikj, Jovan"]
[WhiteElo "1771"]
[BlackElo "1454"]
[Round "5.15"]
[Result "1-0"]
[TimeControl "5400+30"]

1. e4 e5 2. Nf3 Nf6 3. Nxe5 d6 4. Nf3 Nxe4 5. Nc3 Nxc3 6. dxc3 Be7 7. Bf4 Nd7 8. Qd2 Nf6 9. O-O-O Be6 10. Kb1 Nd5 11. Bg3 Nb6 12. Nd4 Bd5 13. Nf5 g6 14. Nxe7 Qxe7 15. Re1 Be6 16. Bb5+ Nd7 17. Qd4 Rf8 18. Re3 O-O-O 19. Rd1 Kb8 20. Qb4 Nc5 21. Bc6 a5 22. Qb5 Kc8 23. Bf3 c6 24. Qxa5 f5 25. Qa8+ Kc7 26. Qa5+ Kb8 27. Qxc5 f4 28. Qd4 c5 29. Qe4 fxe3 30. Rxd6 Bxa2+ 31. Kxa2 Qxe4 32. Rxd8+ Ka7 33.
Bxe4 Rxd8 34. fxe3 Re8 35. Bf3 Rxe3 36. Bf2 Re5 37. Kb3 Rf5 38. Kc4 b6 39. b4 cxb4 40. cxb4 g5 41. Be3 Re5 42. Kd4 Re8 43. Bxg5 Rg8 44. Be3 Ka6 45. c4 h5 46. g3 Rd8+ 47. Kc3 Re8 48.
b5+ Ka5 49. Bd4 Re1 50. Kb3 Rb1+ 51.
Bb2 Rxb2+ 52. Kxb2 1-0

[Variant "Standard"]
[Site "Europe Echecs"]

[Event "Championnat du monde jeunes U10"]
[Date "2024.11.19"]
[White "Dien James"]
[Black "Ostapenko, Volodymyr"]
[WhiteElo "1513"]
[BlackElo "1720"]
[Round "5.17"]
[Result "1/2-1/2"]
[TimeControl "5400+30"]

1. e4 e5 2. Nf3 Nc6 3. d4 exd4 4. Nxd4 Bc5 5. Be3 Qf6 6. c3 Nge7 7. Bd3 O-O 8. O-O d5 9. Nb5 dxe4 10. Bxc5 Rd8 11. Bd4 Nxd4 12. Bxe4 Ne6 13. Qf3 1/2-1/2

[Variant "Standard"]
[Site "Europe Echecs"]

[Event "Championnat du monde jeunes U10"]
[Date "2024.11.19"]
[White "Park, Jaeik"]
[Black "Kalinichenko, German Yu"]
[WhiteElo "1477"]
[BlackElo "1621"]
[Round "5.19"]
[Result "0-1"]
[TimeControl "5400+30"]

1. e4 e5 2. Nf3 Nc6 3. Bb5 a6 4. Ba4 Nf6 5. Qe2 b5 6. Bb3 Be7 7. d4 d6 8. dxe5 Nxe5 9. Nxe5 dxe5 10. O-O O-O 11. Rd1 Bd7 12. c3 c5 13. Nd2 Qc7 14. Nf1 c4 15. Bc2 Bc5 16. h3 a5 17. Bd2 h6 18. Ng3 Ra6 19. Nf5 Bxf5 20. exf5 e4 21. Re1 Re8 22. Kh1 Qe5 23. b3 Bd6 24. g3 Qxf5 25. Kg2 cxb3 26. Bxb3 Nh7 27. c4 Bb4 28. cxb5 Bxd2 29. bxa6 Bxe1 30. Qxe1 Ng5 31. g4 Qf3+ 32. Kf1 Qxh3+ 0-1

[Variant "Standard"]
[Site "Europe Echecs"]

[Event "Championnat du monde jeunes U10"]
[Date "2024.11.19"]
[White "Radiukevich, Viacheslau"]
[Black "Osmolovskii, Nikita"]
[WhiteElo "1484"]
[BlackElo "1468"]
[Round "5.29"]
[Result "1/2-1/2"]
[TimeControl "5400+30"]

1. e4 e5 2. Nf3 d6 3. d4 exd4 4. Nxd4 Nf6 5. Nc3 Be7 6. f3 O-O 7. Be3 Nbd7 8. Qd2 a6 9. O-O-O b5 10. g4 c5 11. Nc6 Qe8 12. Nxe7+ Qxe7 13. Nd5 Nxd5 14. Qxd5 Rb8 15. Qxd6 Qxd6 16. Rxd6 Ne5 17. Bf4 f6 18. Rd5 c4 19. g5 Bb7 20. gxf6 Bxd5 21. Bxe5 Rbe8 22. fxg7 Rf7 23. exd5 Rxe5 24. Bh3 Kxg7 25. d6 Rxf3 26. d7 Rf8 27. Rg1+ Kh8 28. Rd1 Rd8 29. Rd6 a5 30. Rc6 Rg5 31. Rc8 Rgg8 32. Be6 Rgf8 33. Rc5 Rb8 34. Rc8 Rd8 1/2-1/2

[Variant "Standard"]
[Site "Europe Echecs"]

[Event "Championnat du monde jeunes U10"]
[Date "2024.11.20"]
[White "Shogdzhiev, Roman"]
[Black "Sameh Mohamed, Abdalrahman"]
[WhiteElo "2202"]
[BlackElo "2238"]
[Round "6.1"]
[Result "1-0"]
[TimeControl "5400+30"]

1. e4 g6 2. d4 Bg7 3. Nf3 d6 4. Bd3 Nf6 5. O-O O-O 6. c3 Nc6 7. h3 e5 8. Re1 Nd7 9. Bg5 Qe8 10. Na3 a6 11. Nc2 h6 12. Be3 f5 13. exf5 gxf5 14. dxe5 dxe5 15. Bc4+ Kh8 16. Qe2 Qg6 17. Nh4 Qe8 18. f4 Na5 19. fxe5 Nxe5 20. Bb3 Nxb3 21. axb3 Qc6 22. Bd4 Ng6 23. Bxg7+ Kxg7 24. Nd4 Qf6 25. Nxg6 Kxg6 26.
Qc4 c6 27. Ne6 Rf7 28. Nf4+ Kh7 29.
Re8 b5 30. Qc5 Qg5 31. Qd4 Rg7 32. h4 Qg4 33. Qd8 Rg8 34. Rae1 Be6 35. Re7+ Rg7 36. Rxg7+ Qxg7 37. Qxa8 Bxb3 38.
Qxc6 Qa7+ 39. Kh2 1-0

[Variant "Standard"]
[Site "Europe Echecs"]

[Event "Championnat du monde jeunes U10"]
[Date "2024.11.20"]
[White "Advik Amit Agrawal"]
[Black "Llari, Marc"]
[WhiteElo "1982"]
[BlackElo "2201"]
[Round "6.2"]
[Result "1/2-1/2"]
[TimeControl "5400+30"]

1. e4 e6 2. d4 d5 3. e5 c5 4. c3 Nc6 5. Nf3 Bd7 6. Be2 Nge7 7. a3 Rc8 8. O-O Ng6 9. g3 f6 10. exf6 Qxf6 11. h4 cxd4 12.
cxd4 Bd6 13. Nc3 O-O 14. Be3 h6 15. h5 Nge7 16. Nh4 e5 17. dxe5 Qxe5 18. Nb5 Bb8 19. Nd4 Qf6 20. f4 Rfe8 21. Bf2 Nxd4 22. Bxd4 Qf7 23. Bf3 Bb5 24. Rf2 Rcd8 25. a4 Ba6 26. Qd2 Nc6 27. b4 Nxd4 28. Qxd4 Bc4 29. Ng6 Qf6 30. Rd2 Qxd4+ 31. Rxd4 a5 32. Kg2 Ba7 33. Rdd1 axb4 34. Ne5 b3 35. Rab1 Bc5 36. Nxc4 dxc4 37. Rdc1 Rd2+ 38. Kh3 Re3 39.
Bxb7 Rdd3 40. Kg4 Rxg3+ 41. Kf5 Rd7 42.
Rxc4 Rxb7 43. Rxc5 b2 44. Rc2 Ra3 45. Rbxb2 1/2-1/2

[Variant "Standard"]
[Site "Europe Echecs"]

[Event "Championnat du monde jeunes U10"]
[Date "2024.11.20"]
[White "Kolodziejczyk, Boris"]
[Black "Bolashakov, Nurali"]
[WhiteElo "2115"]
[BlackElo "2005"]
[Round "6.3"]
[Result "1-0"]
[TimeControl "5400+30"]

1. e4 c5 2. Nf3 e6 3. b3 a6 4. Bb2 Nc6 5. c4 d6 6. d4 cxd4 7. Nxd4 Nxd4 8. Qxd4 Nf6 9. Nc3 Be7 10. g3 O-O 11. Bg2 Rb8 12. O-O b5 13. Rfd1 b4 14. Ne2 e5 15. Qa7 Bg4 16. f3 Bd7 17. Qf2 Qc7 18. Kh1 Rfc8 19. Nc1 a5 20. Nd3 a4 21. c5 a3 22. cxd6 Bxd6 23. Rac1 Qa5 24. Ba1 Qb5 25. Bf1 Qa5 26. Qe3 Bc6 27. Bg2 Nd7 28. Bh3 Bb5 29. Rxc8+ Rxc8 30. Nxe5 Nxe5 31. Bxe5 Bxe5 32. Bxc8 Qc7 33. Qd2 Bf6 34. Bd7 Ba6 35. Qd6 Qc3 36. Qb8+ 1-0

[Variant "Standard"]
[Site "Europe Echecs"]

[Event "Championnat du monde jeunes U10"]
[Date "2024.11.20"]
[White "Jani, Aakash"]
[Black "Zhang, Junyi"]
[WhiteElo "1810"]
[BlackElo "2061"]
[Round "6.4"]
[Result "1/2-1/2"]
[TimeControl "5400+30"]

1. e4 c5 2. Nf3 e6 3. d4 cxd4 4. Nxd4 Nf6 5. Nc3 Nc6 6. Nxc6 bxc6 7. e5 Nd5 8. Ne4 Qc7 9. f4 Qb6 10. a3 Ne3 11. Qd3 Nxf1 12. Rxf1 Ba6 13. c4 f5 14.
exf6 d5 15. f7+ Kxf7 16. f5 h6 17.
fxe6+ Kg8 18. Nf6+ gxf6 19. Qg6+ Bg7 20. Rxf6 Qg1+ 21. Rf1 Qd4 22. Qf7+ 1/2-1/2

[Variant "Standard"]
[Site "Europe Echecs"]

[Event "Championnat du monde jeunes U10"]
[Date "2024.11.20"]
[White "Seo, Juwon"]
[Black "Anand, Tsogtbileg"]
[WhiteElo "1721"]
[BlackElo "1974"]
[Round "6.5"]
[Result "0-1"]
[TimeControl "5400+30"]

1. e4 e6 2. d4 d5 3. Nd2 Nf6 4. e5 Nfd7 5. Bd3 c5 6. c3 Nc6 7. Ne2 cxd4 8. cxd4 Qb6 9. Nf3 f6 10. exf6 Nxf6 11. O-O Bd6 12. Re1 O-O 13. Nc3 a6 14. a3 Bd7 15. Bg5 Qc7 16. Rc1 Bf4 17. Bxf4 Qxf4 18. Ne2 Qd6 19. Ng3 Qf4 20. Ne2 Qh6 21. Ng3 Rac8 22. b4 Na7 23. Qd2 Qxd2 24. Nxd2 Bb5 25. Bb1 Nc6 26. Nf3 h6 27. h3 Kf7 28. Kh2 b6 29. Kg1 Nd7 30. Nh5 g5 31. Ng3 a5 32. bxa5 bxa5 33. Red1 a4 34. Bc2 Na5 35. Rb1 Nb3 36. Bxb3 axb3 37. Nd2 Ba4 38. Re1 Rb8 39. Re3 b2 40. Rbe1 Rfc8 41. Ne2 Nb6 42. Nc3 Nc4 43. Nxc4 Rxc4 44. Nb1 Rc1 45. Rxe6 Re8 46. Rxe8 Bxe8 47. Rf1 Bb5 48. Nd2 Rxf1+ 49. Kh2 Rd1 50. Nf3 b1=Q 51. Ne5+ Ke6 52. a4 Rh1+ 53. Kg3 Qb3+ 54. Kg4 Be2+ 55. f3 Rg1 56. a5 Rxg2+ 57. Kh5 Bxf3+ 58. Nxf3 Qxf3+ 59. Kxh6 Kf7 60. h4 Qf6+ 61. Kh5 Qh8# 0-1

[Variant "Standard"]
[Site "Europe Echecs"]

[Event "Championnat du monde jeunes U10"]
[Date "2024.11.20"]
[White "Ling, Chenxuan"]
[Black "Mutyalapati, Modith Aaroh"]
[WhiteElo "1967"]
[BlackElo "1893"]
[Round "6.6"]
[Result "1-0"]
[TimeControl "5400+30"]

1. d4 Nf6 2. c4 e6 3. Nf3 d5 4. Nc3 Bb4 5. e3 O-O 6. Bd3 c5 7. O-O Nc6 8. a3 Bxc3 9. bxc3 dxc4 10. Bxc4 Na5 11. Bd3 Qc7 12. e4 Rd8 13. Bg5 h6 14. Bxf6 gxf6 15. Qd2 Kh7 16. e5+ f5 17. Qf4 f6 18. g4 fxe5 19. Nxe5 Qg7 20. Kh1 Qg5 21. Qg3 Qf6 22. Rg1 Nc6 23. Rae1 Rg8 24. Nxc6 bxc6 25. Qd6 c4 26. Bxf5+ Kh8 27. Be4 Bb7 28. Re3 Rad8 29. Qg3 Rg7 30. Rf3 Qe7 31. Qf4 Qg5 32. Qxg5 hxg5 33. Rb1 Kg8 34. Kg2 Re8 35. Re3 Rc8 36. Bf3 Re8 37. Re5 Ree7 38. Rc5 Ref7 39. Be2 Rf4 40. f3 Rgf7 41. Bxc4 Kh7 42. Bxe6 Re7 43. Bf5+ Kh6 44. Re5 Rf7 45. Re6+ Kg7 46. Re4 1-0

[Variant "Standard"]
[Site "Europe Echecs"]

[Event "Championnat du monde jeunes U10"]
[Date "2024.11.20"]
[White "Zhauynbay, Alimzhan"]
[Black "Azimov, Yasin"]
[WhiteElo "1953"]
[BlackElo "1759"]
[Round "6.7"]
[Result "1/2-1/2"]
[TimeControl "5400+30"]

1. e4 c5 2. Nf3 e6 3. d4 cxd4 4. Nxd4 a6 5. Bd3 b5 6. O-O Bb7 7. Qe2 d6 8. a4 b4 9. Rd1 Nf6 10. c3 bxc3 11. Nxc3 Nbd7 12. a5 Be7 13. f4 Qc7 14. Bc2 O-O 15. g4 Nb8 16. g5 Nfd7 17. f5 Nc6 18. fxe6 Nxd4 19. exf7+ Rxf7 20. Rxd4 Kh8 21. Bb3 Rff8 22. Rd3 Nc5 23. Rh3 Nxb3 24. g6 h6 25. Bxh6 gxh6 26. Rxh6+ Kg8 27. Rh8+ Kxh8 28.
Qh5+ Kg7 29. Qh7+ Kf6 30. Rf1+ Ke5 31.
Qh5+ Kd4 32. Rd1+ Kc4 33. Qe2+ Kb4 34.
Rd5 Nc5 35. Qd2 Kxa5 36. b4+ Kb6 37.
Qa2 Nxe4 38. Qa5+ Kc6 39. Qa4+ 1/2-1/2

[Variant "Standard"]
[Site "Europe Echecs"]

[Event "Championnat du monde jeunes U10"]
[Date "2024.11.20"]
[White "Zhu, Linxi"]
[Black "Mirzhanov, Arlan"]
[WhiteElo "2100"]
[BlackElo "1721"]
[Round "6.8"]
[Result "1-0"]
[TimeControl "5400+30"]

1. e4 c5 2. Nf3 d6 3. d4 cxd4 4. Nxd4 Nf6 5. Nc3 a6 6. h3 e5 7. Nb3 Be7 8. g4 h6 9. Be3 Be6 10. Qd2 d5 11. exd5 Nxd5 12. Bg2 Nxe3 13. Qxe3 Qc7 14. O-O Nd7 15. Bd5 O-O 16. Rad1 Bg5 17. Qd3 Bxd5 18. Nxd5 Qd8 19. Qf5 g6 20. Qf3 Rc8 21. c3 Qe8 22. Rfe1 Qe6 23. Qg2 f5 24. f4 Bh4 25. Nd4 Qd6 26. fxe5 Nxe5 27. Rxe5 Qxe5 28. Nf3 Qg3 29. Ne7+ Kg7 30. Nxc8 Rxc8 31. Nxh4 Qxh4 32. Qxb7+ Kf6 33.
Rd6+ Ke5 34. Qd5+ Kf4 35. Qd2+ Ke4 36.
Re6+ Kf3 37. Qe3# 1-0

[Variant "Standard"]
[Site "Europe Echecs"]

[Event "Championnat du monde jeunes U10"]
[Date "2024.11.20"]
[White "Zuo, Junyu"]
[Black "Akramov, Khasan"]
[WhiteElo "2120"]
[BlackElo "1835"]
[Round "6.9"]
[Result "1-0"]
[TimeControl "5400+30"]

1. e4 c5 2. Nf3 Nc6 3. d4 cxd4 4. Nxd4 g6 5. c4 Nf6 6. Nc3 Nxd4 7. Qxd4 d6 8. Be3 Bg7 9. f3 O-O 10. Qd2 a6 11. Be2 Be6 12. O-O Qa5 13. Rac1 Rfc8 14. b3 b5 15. Nb1 Qxd2 16. Nxd2 b4 17. f4 Ng4 18. Bxg4 Bxg4 19. Nf3 a5 20. h3 Bxf3 21. Rxf3 Bc3 22. a4 f5 23. exf5 gxf5 24. Rd1 Kf7 25. Rd5 Kf6 26. Bf2 Rc6 27. Bh4+ Kf7 28. Rxf5+ Ke8 29. Rh5 Kd7 30. Rxh7 Re8 31. Kf1 Rc7 32. Re3 Kd8 33. Ke2 Bd4 34. Re6 Bc5 35. f5 Rg8 36. g4 1-0

[Variant "Standard"]
[Site "Europe Echecs"]

[Event "Championnat du monde jeunes U10"]
[Date "2024.11.20"]
[White "Deepak Ambattu, Rithvik"]
[Black "Perez Solanas, Hugo"]
[WhiteElo "2063"]
[BlackElo "1824"]
[Round "6.10"]
[Result "0-1"]
[TimeControl "5400+30"]

1. e4 c5 2. Nf3 Nc6 3. d4 cxd4 4. Nxd4 g6 5. c4 Nf6 6. Nc3 d6 7. f3 Nxd4 8. Qxd4 Bg7 9. Be3 O-O 10. Qd2 a5 11. Na4 Nd7 12. Be2 b6 13. O-O Nc5 14. Nc3 Bb7 15. Nd5 Bxd5 16. cxd5 Qd7 17. Rac1 Rac8 18. b3 Rc7 19. Rfd1 Rfc8 20. Bf1 h5 21. Qe2 Qd8 22. Qb5 Rb7 23. Rc2 h4 24. a3 h3 25. g3 Nd7 26. Rxc8 Qxc8 27. Rc1 Rc7 28. Rxc7 Qxc7 29. Qc6 Qd8 30. f4 Nc5 31. b4 axb4 32. axb4 Nxe4 33. Bxb6 Qf8 34. f5 Ng5 35. Be3 Bd4 36. Bxd4 Nf3+ 37. Kh1 Nxd4 38. Qb7 Nxf5 39. Bxh3 Ne3 40. Qb6 Nxd5 41. Qb5 Qa8 42. Qa5 Qc6 43. Kg1 Qc1+ 44. Bf1 Qe3+ 45. Kh1 Qe4+ 46. Kg1 Nxb4 47. h4 Nc2 48. Bg2 Qe3+ 49. Kh2 Ne1 50. Ba8 Nd3 51. h5 Qe2+ 52. Kg1 Qf2+ 53. Kh1 Qxg3 54. Bg2 Nf4 55. Bb7 Qh4+ 56. Kg1 Nxh5 57. Qd8+ Kg7 0-1

[Variant "Standard"]
[Site "Europe Echecs"]

[Event "Championnat du monde jeunes U10"]
[Date "2024.11.20"]
[White "Xia, Joshua"]
[Black "Dayal, Samar"]
[WhiteElo "2052"]
[BlackElo "1818"]
[Round "6.11"]
[Result "1-0"]
[TimeControl "5400+30"]

1. e4 c5 2. Nf3 d6 3. d4 cxd4 4. Nxd4 Nf6 5. Nc3 g6 6. Be3 Nc6 7. f3 h5 8. Bc4 Bd7 9. h3 Bg7 10. Qd2 Rc8 11. Nxc6 bxc6 12. O-O O-O 13. f4 Qa5 14. Rae1 Rfd8 15. e5 Ne8 16. Rf2 Be6 17. Bxe6 fxe6 18. Qd3 Kh7 19. b4 Qc7 20. Ne4 Bh6 21. Qb3 Ng7 22. exd6 exd6 23. Bd4 Rf8 24. Bxg7 Kxg7 25. Qc3+ Kg8 26. Nf6+ Kf7 27. Nh7 Bg7 28. Qe3 Rfe8 29. Ng5+ Kg8 30. Qd3 Re7 31. Qxg6 Rce8 32. f5 exf5 33. Qh7+ Kf8 34. Qxf5+ Bf6 35. Qxf6+ Kg8 36. Qg6+ Kh8 37. Nf7+ Rxf7 38. Rxe8+ 1-0

[Variant "Standard"]
[Site "Europe Echecs"]

[Event "Championnat du monde jeunes U10"]
[Date "2024.11.20"]
[White "Buklaho, Ignacy"]
[Black "Filipovs, Sergejs"]
[WhiteElo "1822"]
[BlackElo "2012"]
[Round "6.12"]
[Result "1/2-1/2"]
[TimeControl "5400+30"]

1. e4 e5 2. Nf3 Nc6 3. Bc4 Bc5 4. c3 Nf6 5. d3 O-O 6. O-O d5 7. exd5 Nxd5 8. Re1 Bg4 9. h3 Bh5 10. Nbd2 Nb6 11. Bb3 Qxd3 12. Nxe5 Qg3 13. Qxh5 Qxf2+ 14. Kh2 Bd6 15. Nf3 Nxe5 16. Rxe5 Nd7 17. Bf4 Nxe5 18. Bxe5 Bxe5+ 19. Qxe5 Rae8 20. Bxf7+ Kxf7 21. Qd5+ Kg6 22. Qg5+ Kf7 23. Qd5+ Kg6 24. Qg5+ Kf7 1/2-1/2

[Variant "Standard"]
[Site "Europe Echecs"]